AoeStats
← Amauta

Arena

510432079Analyzed
4v4 RM · 9h ago on Oct 1, 2026· 52m 45s· 8 players
Game mode
Random Map
Map size
Large (8 player)
Population
200
Speed
Normal
Resources
Standard
Victory
Conquest
Starting age
Dark Age
Ending age
Imperial Age
RankedLock teamsTeams togetherTeam positionsShared explorationLock speedFull tech treeHidden civsTurbo modeCheats
Victory
Defeat
🇵🇪 Hindustanis · Peru
1419
+14
🇺🇸 Lithuanians · United States
1409
+15
🇺🇸 Japanese · United States
1402
+15
🇲🇽 Teutons · Mexico
1386
+16
🇵🇾 Byzantines · Paraguay
1397
-16
🇨🇴 Spanish · Colombia
1391
-15
🇵🇾 Magyars · Paraguay
1388
-15
🇨🇴 Khmer · Colombia
1357
-14
kanservero1302
7:06 Loom
9:09 Feudal Age
11:42 Loom
14:59 Castle Age
13:08 Double-Bit Axe
13:25 Horse Collar
16:01 Gold Mining
16:53 Wheelbarrow
17:24 Fervor
17:04 Town Watch
20:47 Bow Saw
23:20 Heavy Plow
26:58 Gold Shaft Mining
27:11 Stone Mining
30:50 Imperial Age
29:47 Hand Cart
30:24 Stone Shaft Mining
31:36 Forging
31:31 Scale Barding Armor
31:30 Husbandry
31:40 Bloodlines
31:33 Tusk Swords
31:54 Conscription
33:12 Elite Battle Elephant
34:22 Chain Barding Armor
35:30 Iron Casting
35:38 Plate Barding Armor
36:38 Town Patrol
37:15 Crop Rotation
39:08 Caravan
41:05 Blast Furnace
39:56 Fletching
42:30 Chemistry
41:51 Ballistics
41:42 Masonry
42:37 Bodkin Arrow
44:36 Murder Holes
46:32 Bracer
46:35 Scale Mail Armor
Radamanthyssama
10:32 Feudal Age
9:21 Loom
15:01 Castle Age
13:20 Double-Bit Axe
13:50 Horse Collar
15:24 Wheelbarrow
15:55 Bow Saw
28:02 Imperial Age
26:13 Ballistics
26:10 Gold Mining
26:23 Pikeman
27:30 Scale Mail Armor
28:01 Squires
28:33 Forging
29:43 Chemistry
28:53 Halberdier
32:24 Padded Archer Armor
32:14 Fletching
33:00 Iron Casting
32:40 Chain Mail Armor
33:26 Conscription
33:45 Leather Archer Armor
34:19 Bodkin Arrow
37:04 Two-Man Saw
35:35 Cavalier
36:17 Husbandry
36:57 Bloodlines
37:13 Paladin
39:04 Scale Barding Armor
40:12 Masonry
39:57 Murder Holes
40:09 Stone Mining
40:38 Hand Cart
40:09 Town Watch
41:41 Architecture
40:35 Elite Skirmisher
42:31 Thumb Ring
42:57 Bombard Tower
43:41 Heavy Plow
47:51 Chain Barding Armor
48:02 Plate Mail Armor
48:32 Blast Furnace
47:33 Bracer
48:03 Ring Archer Armor
50:03 Plate Barding Armor
50:48 Town Patrol
miguel_carl7s
10:00 Feudal Age
14:38 Castle Age
14:18 Double-Bit Axe
14:16 Horse Collar
16:04 Bow Saw
24:52 Wheelbarrow
24:34 Heavy Plow
25:05 Town Watch
25:06 Loom
27:46 Fletching
27:57 Padded Archer Armor
28:17 Stone Mining
28:20 Gold Mining
28:42 Bodkin Arrow
29:14 Town Patrol
30:23 Gold Shaft Mining
30:33 Leather Archer Armor
31:14 Thumb Ring
34:18 Hand Cart
36:42 Imperial Age
34:45 Ballistics
34:07 Treadmill Crane
34:43 Husbandry
34:54 Bloodlines
37:25 Bracer
38:27 Chemistry
37:39 Masonry
38:04 Parthian Tactics
38:21 Crop Rotation
38:23 Heavy Cavalry Archer
40:17 Conscription
43:46 Recurve Bow
44:43 Light Cavalry
46:47 Ring Archer Armor
46:24 Scale Barding Armor
50:23 Chain Barding Armor
DonNarko
7:08 Loom
9:17 Feudal Age
10:44 Fletching
11:01 Double-Bit Axe
24:04 Gold Mining
25:54 Wheelbarrow
29:20 Castle Age
27:51 Horse Collar
32:33 Bodkin Arrow
Monotone
10:07 Feudal Age
13:41 Castle Age
12:20 Double-Bit Axe
12:17 Horse Collar
13:42 Stone Mining
15:25 Loom
16:17 Bow Saw
21:33 Wheelbarrow
23:27 Husbandry
23:55 Gold Mining
24:59 Hand Cart
25:12 Bloodlines
25:21 Scale Barding Armor
26:41 Chain Barding Armor
30:48 Imperial Age
29:49 Forging
31:41 Iron Casting
31:36 Herbal Medicine
32:34 Conscription
33:02 Fletching
33:47 Bodkin Arrow
34:29 Bracer
33:53 Heavy Cavalry Archer
34:41 Thumb Ring
35:58 Chemistry
35:19 Ballistics
36:21 Padded Archer Armor
40:50 Leather Archer Armor
44:45 Masonry
46:55 Ring Archer Armor
Habacucc
6:50 Loom
9:22 Feudal Age
10:08 Double-Bit Axe
10:43 Fletching
27:52 Horse Collar
32:22 Wheelbarrow
31:57 Gold Mining
34:47 Castle Age
33:04 Gold Mining
33:18 Stone Mining
35:42 Bodkin Arrow
35:58 Bow Saw
35:50 Heavy Plow
44:02 Hand Cart
50:03 Imperial Age
47:46 Scale Mail Armor
47:57 Forging
47:47 Padded Archer Armor
47:53 Scale Barding Armor
49:16 Chain Mail Armor
49:37 Iron Casting
48:23 Pikeman
49:03 Squires
48:48 Arson
48:24 Man-at-Arms
48:50 Gambesons
49:52 Leather Archer Armor
49:58 Chain Barding Armor
50:00 Ironclad
49:56 Long Swordsman
50:57 Bow Saw
51:18 Crop Rotation
51:49 Chemistry
51:10 Conscription
51:26 Plate Mail Armor
51:56 Blast Furnace
50:58 Caravan
51:10 Guilds
52:48 Two-Man Saw
52:11 Ballistics
52:55 Fortified Wall
52:55 Siege Engineers
53:03 Fortified Wall
52:44 Halberdier
Amauta
9:55 Feudal Age
8:12 Loom
10:21 Double-Bit Axe
10:17 Horse Collar
16:46 Castle Age
15:05 Stone Mining
15:42 Gold Mining
17:46 Bow Saw
17:39 Heavy Plow
28:26 Imperial Age
28:56 Forging
28:46 Scale Mail Armor
28:11 Man-at-Arms
28:15 Pikeman
29:11 Squires
29:34 Conscription
29:57 Wheelbarrow
30:18 Iron Casting
29:10 Elite Samurai
30:23 Pikeman
31:34 Chain Mail Armor
31:16 Halberdier
33:33 Blast Furnace
33:52 Gambesons
34:39 Plate Mail Armor
35:12 Kataparuto
35:07 Arson
38:33 Hoardings
38:23 Hand Cart
40:15 Fletching
40:27 Padded Archer Armor
40:16 Elite Skirmisher
41:03 Thumb Ring
40:55 Bodkin Arrow
42:56 Bracer
43:11 Leather Archer Armor
44:00 Chemistry
44:54 Ballistics
45:07 Ring Archer Armor
45:17 Town Watch
ElTitanSargeras
10:42 Feudal Age
14:45 Castle Age
13:11 Double-Bit Axe
18:12 Wheelbarrow
17:52 Bow Saw
23:07 Hand Cart
23:20 Horse Collar
26:55 Imperial Age
25:06 Scale Barding Armor
26:23 Heavy Plow
27:02 Bloodlines
26:55 Husbandry
27:26 Chain Barding Armor
27:17 Forging
27:16 Heavy Camel Rider
29:00 Chemistry
28:38 Iron Casting
28:42 Plate Barding Armor
29:13 Imperial Camel Rider
31:09 Gold Mining
31:11 Stone Mining
32:56 Blast Furnace
34:37 Gold Shaft Mining
34:10 Light Cavalry
34:55 Padded Archer Armor
36:26 Leather Archer Armor
36:53 Stone Shaft Mining
38:24 Shatagni
38:45 Conscription
43:05 Hussar
45:24 Two-Man Saw
46:33 Siege Engineers
46:40 Masonry
47:09 Ring Archer Armor
46:43 Scale Mail Armor
Connection lost

Rejoining the realm…

Still unreachable

The connection could not be restored.

Session expired

The server has moved on; the page needs a fresh start.